 Dungeon Crawl Stone Soup version 0.24-a0-778-g74da537585 (webtiles) character file.

Game seed: 10026503315694515001, levelgen mode: deterministic

653 LabCoat the Cleaver (level 7, -4/60 HPs)
             Began as a Hill Orc Fighter on Oct 7, 2019.
             Slain by a gnoll
             ... wielding a +0 spear
              (6 damage)
             ... on level 5 of the Dungeon.
             The game lasted 00:14:09 (3299 turns).

LabCoat the Cleaver (Hill Orc Fighter)              Turns: 3299, Time: 00:14:10

Health: -4/60      AC: 11    Str: 21    XL:     7   Next: 54%
Magic:  16/16      EV:  4    Int:  8    God:
Gold:   292        SH: 10    Dex: 13    Spells: 6/6 levels left

rFire    . . .     SeeInvis .   a - +0 war axe
rCold    . . .     Gourm    .   c - +0 shield
rNeg     . . .     Faith    .   k - +0 plate armour
rPois    .         Spirit   .   (no helmet)
rElec    .         Reflect  .   (no cloak)
rCorr    .         Harm     .   (no gloves)
MR       .....                  (no boots)
Stlth    ..........             (no amulet)
HPRegen  0.20/turn              l - ring of magical power
MPRegen  0.15/turn              p - +3 ring of dexterity

@: lethally poisoned (-4 -> -16)
A: no striking features
a: no special abilities


You were on level 5 of the Dungeon.
You were not hungry.

You visited 1 branch of the dungeon, and saw 5 of its levels.

You collected 292 gold pieces.

Inventory:

Hand Weapons
 a - a +0 war axe (weapon)
 h - a +0 flail
Missiles
 n - 3 boomerangs (quivered)
Armour
 c - a +0 shield (worn)
 k - a +0 plate armour (worn)
Jewellery
 l - a ring of magical power (left hand)
 p - a +3 ring of dexterity (right hand)
Wands
 e - a wand of digging (5)
 g - a wand of acid (6)
 o - a wand of iceblast (8)
Scrolls
 b - 2 scrolls of teleportation
 j - a scroll of identify
 m - 2 scrolls of amnesia {unknown}
 q - 3 scrolls of remove curse {unknown}
Potions
 d - 2 potions of might
 i - 2 potions of agility
 t - a potion of resistance {unknown}
Comestibles
 f - 6 rations


   Skills:
 + Level 4.6 Fighting
 * Level 8.1 Axes
 + Level 1.6 Throwing
 + Level 4.2 Armour
 + Level 5.0 Shields


You had 6 spell levels left.
You didn't know any spells.
Your spell library was empty.

Dungeon Overview and Level Annotations

Branches:
Dungeon (5/15)
 Temple: D:4-7

Altars:
Ashenzari
Kikubaaqudgha
Nemelex Xobeh
Okawaru
Uskayaw
Zin
The Shining One


Message History

* * * LOW HITPOINT WARNING * * *
The gnoll drinks a potion.
The gnoll goes berserk!
The gnoll sergeant hits you with a +6 spear of venom!
* * * LOW HITPOINT WARNING * * *
As you read the scroll of teleportation, it crumbles to dust.
You feel strangely unstable.
* * * LOW HITPOINT WARNING * * *
You feel sick. You block the gnoll's attack.
The gnoll hits you but does no damage.
The gnoll sergeant hits you but does no damage.
The gnoll hits you but does no damage.
It was a potion of cancellation.
You feel strangely stable.
Your magical effects are unravelling.
You feel magically purged.
You feel a little less agile now.
* * * LOW HITPOINT WARNING * * *
You feel sick.
The gnoll hits you from afar with a +0 spear.
You die...

#............. ####
###..........# ##....
#(....### ##......
#....########.......
#..8.#......#......
##....#≈≈≈≈≈≈....#
#..........(...g.#
#...#.....(((..)...#
###.#...#≈≈≈≈≈≈†@g.#
#.#.8.#((....#g.......
#.....########.?......
#...... ##.......
........ ##....#
####...# ##### ....


You could see a gnoll sergeant and 2 gnolls.

Vanquished Creatures
  A sky beast (D:4)
  A phantom (D:4)
  A bullfrog (D:4)
  A gnoll shaman (D:5)
  2 hounds (D:4)
  An orc wizard (D:4)
  Jessica (D:2)
  Ijyb (D:3)
  3 worker ants (D:4)
  4 adders
  3 gnolls (D:5)
  An adder skeleton (D:4)
  3 worms
  A dart slug (D:3)
  A leopard gecko (D:5)
  7 orcs
  A ball python (D:1)
  6 bats
  4 giant cockroaches
  9 goblins
  11 hobgoblins
  9 jackals
  6 kobolds
  2 quokkas
  4 frilled lizards
  6 rats
90 creatures vanquished.

Notes
Turn   | Place    | Note
-------+----------+-------------------------------------------
     0 | D:1      | LabCoat the Hill Orc Fighter began the quest for the Orb.
     0 | D:1      | Reached XP level 1. HP: 19/19 MP: 1/1
    56 | D:1      | Reached XP level 2. HP: 12/27 MP: 2/2
   659 | D:2      | Noticed Jessica
   661 | D:2      | Killed Jessica
   661 | D:2      | Reached skill level 3 in Axes
   661 | D:2      | Reached XP level 3. HP: 33/33 MP: 3/3
   934 | D:2      | Reached skill level 4 in Axes
   934 | D:2      | Reached XP level 4. HP: 40/40 MP: 4/4
  1114 | D:2      | Found a shattered altar of Ashenzari.
  1498 | D:3      | Found an iron altar of Okawaru.
  1507 | D:3      | Reached skill level 1 in Throwing
  1629 | D:3      | Found a sparkling altar of Nemelex Xobeh.
  1694 | D:3      | Reached XP level 5. HP: 44/46 MP: 5/5
  1790 | D:3      | Noticed Ijyb
  1804 | D:3      | Killed Ijyb
  1804 | D:3      | Reached skill level 5 in Axes
  2273 | D:4      | Noticed a phantom
  2311 | D:4      | Killed a phantom
  2311 | D:4      | Reached skill level 6 in Axes
  2311 | D:4      | Reached XP level 6. HP: 31/52 MP: 6/6
  2456 | D:4      | Reached skill level 7 in Axes
  2546 | D:4      | Found a glowing silver altar of Zin.
  2546 | D:4      | Found an ancient bone altar of Kikubaaqudgha.
  2658 | D:4      | Noticed a sky beast
  2672 | D:4      | Killed a sky beast
  2672 | D:4      | Reached XP level 7. HP: 54/60 MP: 7/7
  2851 | D:4      | Found a hide-covered altar of Uskayaw.
  2974 | D:4      | Found a glowing golden altar of the Shining One.
  3253 | D:5      | Entered Level 5 of the Dungeon
  3254 | D:5      | Reached skill level 5 in Shields
  3286 | D:5      | Reached skill level 8 in Axes
  3299 | D:5      | HP: 2/60 [poisoned by a gnoll sergeant]
  3299 | D:5      | Slain by a gnoll

Levels and vault maps discovered:
D:1:      giann_horns, layout_basic, item_on_display_a
D:2:      layout_basic, evilmike_ruin_ashenzari, uniq_jessica
D:3:      layout_loops_ring, nicolae_overflow_hidden_temple, old_standard_altar,
          uniq_ijyb
D:4:      layout_basic, lemuel_round_altar, gammafunk_temple_overflow_wave,
          tso_oasis_becter, first_ration, minivault_25
D:5:      layout_cave_pools, lemuel_crystal_altar, serial_gnoll_camp,
          gnoll_camp_mini_sergeant, gnoll_camp_medium_01, gnoll_camp_huts_basic,
          gnoll_camp_mini_doghouse

Skill      XL: |  1  2  3  4  5  6  7 |
---------------+----------------------+-----
Fighting       | 4 |  4.6
Axes           | 3 4 6 7 8 |  8.1
Shields        | 4 5 |  5.0
Throwing       | 1 |  1.6
Armour         | 4 |  4.2

Action                   |  1- 3 |  4- 6 |  7- 9 || total
-------------------------+-------+-------+-------++-------
Melee: War axe           |    81 |   174 |    33 ||   288
Throw: Javelin           |    24 |    32 |       ||    56
       Boomerang         |       |       |    14 ||    14
Evoke: Wand              |       |       |     1 ||     1
  Use: Scroll            |     4 |     3 |     1 ||     8
       Potion            |       |     1 |     2 ||     3
  Eat: Chunk             |       |     6 |     1 ||     7
       Ration            |       |       |     1 ||     1
Armor: Scale mail        |    19 |       |       ||    19
       Plate armour      |    37 |   112 |    35 ||   184
Dodge: Dodged            |    18 |    23 |    17 ||    58
Block: Shield            |    32 |   102 |    39 ||   173

Table legend:
 A = Non-vault XP
 B = Vault XP
 C = Vault XP percentage of total XP
 D = Non-vault monster count
 E = Vault monster count
 F = Vault count percentage of total count
                 A         B        C        D         E       F
            +---------+---------+-------+---------+---------+-------
      Total |     771 |     163 |  17.5 |      82 |       8 |   8.9
            +---------+---------+-------+---------+---------+-------
        D:1 |      24 |       0 |   0.0 |      15 |       0 |   0.0
        D:2 |      54 |      37 |  40.7 |      21 |       1 |   4.5
        D:3 |      78 |      36 |  31.6 |      28 |       1 |   3.4
        D:4 |     612 |       0 |   0.0 |      17 |       0 |   0.0
        D:5 |       3 |      90 |  96.8 |       1 |       6 |  85.7
            +---------+---------+-------+---------+---------+-------
